cohdb
Replays
Latest Replays
All Replays
Popular Replays
Top Player Replays
Match Explorer
How It Works
Community
CoH3 Stats
Reddit
Sign in to upload your games and track your stats! →
Sign in with Steam
Match 41441049
Unlisted
Match 41441049
Overview
Messages
Build Orders
End
Construct Section Command Post
Infantry Section
Vickers Machine Gun Team
Dingo Light Scout Car
Construct Field Infirmary
Royal Engineer Section
Selects Canadian Shock Battlegroup
Selects Attacking Spirit
Selects Canadian Shock Section
Canadian Shock Section
Construct Platoon Command Post
Selects Incendiary Munitions
6-pounder Anti-tank Gun Team
Grenade Package
Infantry Training
Construct Company Command Post
Selects Pyrotechnics
Crusader II Medium Tank
Selects Point Assault
Point Assault
Team Weapon Training
Crusader II Medium Tank
Unlock M3 Grant Medium Tanks
Point Assault
M3 Grant Medium Tank
Selects Churchill Crocodile Heavy Tank
Churchill Crocodile Heavy Tank
Canadian Shock Section
Gordon Birdman
Iron_Sarge69
AoL
xSakox
PJIP
Mustache and Melons
0
0
Comments
sign in to comment!
No comments posted yet!